3AAA
PORT ROYAL DISASTER @ SALT LAKE CITY BUZZ
07/03/2024
 
TOP OF THE 1ST
Port Royal Disaster batting - Pitching for Salt Lake City Buzz : RHP Bartolo Medina
Pitching: RHP Bartolo Medina
Batting: LHB Frank Wentworth 0-0: Ball
1-0: Fly out, F8 (Flyball, 8LM)
Batting: SHB Arsenio Sameiro 0-0: Ball
1-0: Foul Ball, location: 2F
1-1: Called Strike
1-2: Ball
2-2: Ball
3-2: Foul Ball, location: 2F
3-2: Foul Ball, location: 2F
3-2: Ground out 3-1 (Groundball, 34S)
Batting: LHB Juan Ríos 0-0: Called Strike
0-1: Ball
1-1: Called Strike
1-2: Ball
2-2: Fly out, F7 (Line Drive, 78D)
Top of the 1st over - 0 run(s), 0 hit(s), 0 error(s), 0 left on base; Port Royal 0 - Salt Lake City 0
BOTTOM OF THE 1ST
Salt Lake City Buzz batting - Pitching for Port Royal Disaster : RHP Artie Horton
Pitching: RHP Artie Horton
Batting: RHB Roberto Ríos 0-0: SINGLE (Flyball, 9LS)
Batting: RHB Andrew Hall 0-0: Ball
1-0: Called Strike
1-1: Swinging Strike
1-2: Strikes out swinging
Batting: SHB Wayne Saunders 0-0: Ball
1-0: Called Strike
1-1: Ball
2-1: Ground out 5-3 (Groundball, 56S)
Roberto Ríos to second
Batting: RHB Gustavo Berrios 0-0: Called Strike
0-1: Ball
1-1: Ball
2-1: Foul Ball, location: 2F
2-2: SINGLE (Line Drive, 56)
Roberto Ríos to third
Runner from 3rd tries for Home, SAFE, no throw or cutoff
Batting: LHB Ramón Félix 0-0: Reached on error, E3 (Groundball, 3S)
Gustavo Berrios to second
Batting: RHB Roger Lakes 0-0: Swinging Strike
0-1: Called Strike
0-2: Ball
1-2: SINGLE (Flyball, 89S)
Gustavo Berrios to third
Ramón Félix to second
Runner from 3rd tries for Home, SAFE, no throw or cutoff
Batting: LHB Ángel Aguilar 0-0: Ball
1-0: Foul Ball, location: 2F
1-1: Foul Ball, location: 2F
1-2: Foul Ball, location: 2F
1-2: Ball
2-2: Strikes out swinging
Bottom of the 1st over - 2 run(s), 3 hit(s), 1 error(s), 2 left on base; Port Royal 0 - Salt Lake City 2
TOP OF THE 2ND
Port Royal Disaster batting - Pitching for Salt Lake City Buzz : RHP Bartolo Medina
Batting: RHB Toshitsugu Sakamoto 0-0: Ball
1-0: Foul Ball, location: 2F
1-1: Ball
2-1: Ball
3-1: Fly out, F7 (Flyball, 7M)
Batting: RHB Ronnie Cleveland 0-0: Called Strike
0-1: Foul Ball, location: 2F
0-2: Strikes out looking
Batting: LHB Brian Boone 0-0: Foul Ball, location: 2F
0-1: Ball
1-1: Ball
2-1: Ground out 4-3 (Groundball, 4)
Top of the 2nd over - 0 run(s), 0 hit(s), 0 error(s), 0 left on base; Port Royal 0 - Salt Lake City 2
BOTTOM OF THE 2ND
Salt Lake City Buzz batting - Pitching for Port Royal Disaster : RHP Artie Horton
Batting: RHB Patrick Clark 0-0: DOUBLE (Flyball, 9LM)
Batting: RHB Carlos López 0-0: Foul Ball, location: 2F
0-1: Ball
1-1: Ground out 6-3 (Groundball, 56)
Batting: RHB Roberto Ríos 0-0: Swinging Strike
0-1: Ball
1-1: Ball
2-1: Foul Ball, location: 2F
2-2: Foul Ball, location: 2F
2-2: Ground out 5-3 (Groundball, 15S)
Patrick Clark to third
Batting: RHB Andrew Hall 0-0: Called Strike
0-1: Ball
1-1: Fly out, F8 (Flyball, 8LD)
Bottom of the 2nd over - 0 run(s), 1 hit(s), 0 error(s), 1 left on base; Port Royal 0 - Salt Lake City 2
TOP OF THE 3RD
Port Royal Disaster batting - Pitching for Salt Lake City Buzz : RHP Bartolo Medina
Batting: LHB Keith McKnight 0-0: Foul Ball, location: 2F
0-1: Fly out, F4 (Popup, 4M)
Batting: RHB Brandon Cooper 0-0: Swinging Strike
0-1: Ball
1-1: Ball
2-1: Foul Ball, location: 2F
2-2: Strikes out swinging
Batting: SHB Tim Moss 0-0: Ball
1-0: Called Strike
1-1: Ball
2-1: Swinging Strike
2-2: Fly out, F8 (Flyball, 8RXD)
Top of the 3rd over - 0 run(s), 0 hit(s), 0 error(s), 0 left on base; Port Royal 0 - Salt Lake City 2
BOTTOM OF THE 3RD
Salt Lake City Buzz batting - Pitching for Port Royal Disaster : RHP Artie Horton
Batting: SHB Wayne Saunders 0-0: Called Strike
0-1: Fly out, F7 (Flyball, 7D)
Batting: RHB Gustavo Berrios 0-0: Foul Ball, location: 2F
0-1: Ball
1-1: Called Strike
1-2: Ball
2-2: Strikes out looking
Batting: LHB Ramón Félix 0-0: Ball
1-0: Swinging Strike
1-1: SINGLE (Line Drive, 89M)
Batting: RHB Roger Lakes 0-0: Ball
1-0: Ball
2-0: Ball
3-0: Base on Balls
Ramón Félix to second
Batting: LHB Ángel Aguilar 0-0: Fly out, F9 (Flyball, 9D)
Bottom of the 3rd over - 0 run(s), 1 hit(s), 0 error(s), 2 left on base; Port Royal 0 - Salt Lake City 2
TOP OF THE 4TH
Port Royal Disaster batting - Pitching for Salt Lake City Buzz : RHP Bartolo Medina
Batting: LHB Frank Wentworth 0-0: Called Strike
0-1: Foul Ball, location: 2F
0-2: Ball
1-2: Strikes out swinging
Batting: SHB Arsenio Sameiro 0-0: Called Strike
0-1: Ground out 3-1 (Groundball, 34)
Batting: LHB Juan Ríos 0-0: Ball
1-0: Ball
2-0: Ball
3-0: Called Strike
3-1: SINGLE (Flyball, 7LS)
Batting: RHB Toshitsugu Sakamoto 0-0: Called Strike
Juan Ríos steals 2nd base
0-1: Ball
1-1: Foul Ball, location: 2F
1-2: SINGLE (Line Drive, 7LS)
Juan Ríos to third
Runner from 3rd tries for Home, SAFE, no throw or cutoff
Batting: RHB Ronnie Cleveland 0-0: Foul Ball, location: 2F
0-1: Foul Ball, location: 2F
0-2: Ball
1-2: Fly out, F7 (Line Drive, 7M)
Top of the 4th over - 1 run(s), 2 hit(s), 0 error(s), 1 left on base; Port Royal 1 - Salt Lake City 2
BOTTOM OF THE 4TH
Salt Lake City Buzz batting - Pitching for Port Royal Disaster : RHP Artie Horton
Batting: RHB Patrick Clark 0-0: Ball
1-0: Called Strike
1-1: Swinging Strike
1-2: Ball
2-2: Strikes out swinging
Batting: RHB Carlos López 0-0: Called Strike
0-1: Fly out, F9 (Flyball, 9M)
Batting: RHB Roberto Ríos 0-0: Ball
1-0: Ground out 6-3 (Groundball, 6M)
Bottom of the 4th over - 0 run(s), 0 hit(s), 0 error(s), 0 left on base; Port Royal 1 - Salt Lake City 2
TOP OF THE 5TH
Port Royal Disaster batting - Pitching for Salt Lake City Buzz : RHP Bartolo Medina
Batting: LHB Brian Boone 0-0: Ball
1-0: Fly out, F8 (Flyball, 8RM)
Batting: LHB Keith McKnight 0-0: Ball
1-0: Ball
2-0: Called Strike
2-1: Foul Ball, location: 2F
2-2: Foul Ball, location: 2F
2-2: Ball
3-2: Fly out, F5 (Popup, 5DF)
Batting: RHB Brandon Cooper 0-0: Ball
1-0: Ball
2-0: Foul Ball, location: 2F
2-1: Fly out, F9 (Flyball, 9M)
Top of the 5th over - 0 run(s), 0 hit(s), 0 error(s), 0 left on base; Port Royal 1 - Salt Lake City 2
BOTTOM OF THE 5TH
Salt Lake City Buzz batting - Pitching for Port Royal Disaster : RHP Artie Horton
Batting: RHB Andrew Hall 0-0: Called Strike
0-1: Swinging Strike
0-2: Hit by Pitch
Batting: SHB Wayne Saunders 0-0: Called Strike
0-1: TRIPLE (Line Drive, 3D)
Andrew Hall scores
Batting: RHB Gustavo Berrios 0-0: Called Strike
0-1: Ball
1-1: Called Strike
1-2: SINGLE (Line Drive, 4MD)
Wayne Saunders scores
Batting: LHB Ramón Félix 0-0: Ball
1-0: Ball
2-0: SINGLE (Groundball, 34D)
Gustavo Berrios to second
Runner from 2nd tries for 3rd, SAFE, no throw or cutoff
Batting: RHB Roger Lakes 0-0: Ball
1-0: Called Strike
1-1: Called Strike
1-2: Ball
2-2: Ball
3-2: SINGLE (Groundball, 3S)
Gustavo Berrios scores
Ramón Félix to second
Runner from 2nd tries for 3rd, SAFE, throw made to third
Roger Lakes to second
Batting: LHB Ángel Aguilar 0-0: Called Strike
0-1: Foul Ball, location: 2F
0-2: Strikes out looking
Batting: RHB Patrick Clark 0-0: Called Strike
0-1: Ball
1-1: Fly out, F3 (Popup, 3F)
Batting: RHB Carlos López 0-0: Ball
1-0: Swinging Strike
1-1: Foul Ball, location: 2F
1-2: Fly out, F3 (Popup, 34)
Bottom of the 5th over - 3 run(s), 4 hit(s), 0 error(s), 2 left on base; Port Royal 1 - Salt Lake City 5
TOP OF THE 6TH
Port Royal Disaster batting - Pitching for Salt Lake City Buzz : RHP Bartolo Medina
Batting: SHB Tim Moss 0-0: Called Strike
0-1: Ball
1-1: Ball
2-1: Ball
3-1: Base on Balls
Batting: LHB Frank Wentworth 0-0: DOUBLE (Line Drive, 8RD)
Tim Moss to third
Batting: SHB Arsenio Sameiro 0-0: Ball
1-0: Ball
2-0: Swinging Strike
2-1: Ball
3-1: Base on Balls
Pitching: LHP Ed Dodd
Batting: LHB Juan Ríos 0-0: Ball
1-0: Foul Ball, location: 2F
1-1: Fly out, F5 (Popup, 56S)
Batting: RHB Toshitsugu Sakamoto 0-0: Foul Ball, location: 2F
0-1: Grounds into double play, 6-4-3 (Groundball, 6M)
Top of the 6th over - 0 run(s), 1 hit(s), 0 error(s), 2 left on base; Port Royal 1 - Salt Lake City 5
BOTTOM OF THE 6TH
Salt Lake City Buzz batting - Pitching for Port Royal Disaster : RHP Artie Horton
Batting: RHB Roberto Ríos 0-0: Called Strike
0-1: Foul Ball, location: 2F
0-2: DOUBLE (Flyball, 9D)
Batting: RHB Andrew Hall 0-0: Ball
1-0: Ground out 3-1 (Groundball, 34)
Roberto Ríos to third
Batting: SHB Wayne Saunders 0-0: Ball
1-0: Ground out 6-3 (Groundball, 6M)
Roberto Ríos scores
Pitching: LHP Daniel León
Batting: RHB Gustavo Berrios 0-0: Called Strike
0-1: Foul Ball, location: 2F
0-2: Foul Ball, location: 2F
0-2: Fly out, F3 (Popup, 3SF)
Bottom of the 6th over - 1 run(s), 1 hit(s), 0 error(s), 0 left on base; Port Royal 1 - Salt Lake City 6
TOP OF THE 7TH
Port Royal Disaster batting - Pitching for Salt Lake City Buzz : LHP Ed Dodd
Batting: RHB Ronnie Cleveland 0-0: Ball
1-0: Ball
2-0: Ball
3-0: Base on Balls
Batting: LHB Brian Boone 0-0: Called Strike
0-1: Ground out 3-1 (Groundball, 34)
Ronnie Cleveland to second
Batting: LHB Keith McKnight 0-0: Ball
1-0: Ball
2-0: Called Strike
2-1: Fly out, F6 (Popup, 6)
Batting: RHB Brandon Cooper 0-0: Ball
1-0: Ball
2-0: Ball
3-0: Called Strike
3-1: Foul Ball, location: 2F
3-2: Base on Balls
Batting: SHB Tim Moss 0-0: Fly out, F9 (Popup, 34D)
Top of the 7th over - 0 run(s), 0 hit(s), 0 error(s), 2 left on base; Port Royal 1 - Salt Lake City 6
BOTTOM OF THE 7TH
Salt Lake City Buzz batting - Pitching for Port Royal Disaster : LHP Daniel León
Batting: LHB Ramón Félix 0-0: Called Strike
0-1: Ball
1-1: Foul Ball, location: 2F
1-2: Foul Ball, location: 2F
1-2: Ball
2-2: SINGLE (Flyball, 8RS)
Batting: RHB Roger Lakes 0-0: Ball
1-0: Bunted foul
1-1: Bunt missed!
1-2: Strikes out swinging
Batting: LHB Ángel Aguilar 0-0: Fly out, F8 (Flyball, 8LS)
Batting: RHB Patrick Clark 0-0: Called Strike
0-1: Foul Ball, location: 2F
0-2: Ball
1-2: Ball
2-2: 2-RUN HOME RUN (Flyball, 7D), Distance : 403 ft
Batting: RHB Carlos López 0-0: Ball
1-0: Called Strike
1-1: Ball
2-1: Ball
3-1: Called Strike
3-2: Strikes out looking
Bottom of the 7th over - 2 run(s), 2 hit(s), 0 error(s), 0 left on base; Port Royal 1 - Salt Lake City 8
TOP OF THE 8TH
Port Royal Disaster batting - Pitching for Salt Lake City Buzz : LHP Ed Dodd
Now at 2B: Shelby Reusch
Batting: LHB Frank Wentworth 0-0: Ball
1-0: Foul Ball, location: 2F
1-1: SINGLE (Line Drive, 4MD)
Batting: SHB Arsenio Sameiro 0-0: Foul Ball, location: 2F
0-1: Called Strike
0-2: Ball
1-2: Foul Ball, location: 2F
1-2: Fly out, F7 (Flyball, 78M)
Batting: LHB Juan Ríos 0-0: Ball
1-0: Ball
2-0: Called Strike
2-1: Foul Ball, location: 2F
2-2: Foul Ball, location: 2F
2-2: TRIPLE (Flyball, 78D)
Frank Wentworth scores
Batting: RHB Toshitsugu Sakamoto 0-0: Foul Ball, location: 2F
0-1: Ball
1-1: DOUBLE (Flyball, 89D)
Juan Ríos scores
Batting: RHB Ronnie Cleveland 0-0: Ball
1-0: Called Strike
1-1: Ground out 6-3 (Groundball, 6M)
Toshitsugu Sakamoto to third
Batting: LHB Brian Boone 0-0: Ball
1-0: Foul Ball, location: 2F
1-1: Ball
2-1: SINGLE (Line Drive, 78S)
Toshitsugu Sakamoto scores
Pitching: RHP Deron Kuhn
Batting: LHB Keith McKnight 0-0: TRIPLE (Flyball, 8LXD)
Brian Boone scores
Pitching: RHP Ramiro Lara
Batting: RHB Brandon Cooper 0-0: Called Strike
0-1: SINGLE (Groundball, 34D)
Keith McKnight scores
Batting: SHB Tim Moss 0-0: Called Strike
0-1: DOUBLE (Groundball, 3L)
Brandon Cooper to third
Batting: LHB Frank Wentworth 0-0: SINGLE (Groundball, 4MD)
Brandon Cooper scores
Tim Moss to third
Runner from 3rd tries for Home, SAFE, no throw or cutoff
Batting: SHB Arsenio Sameiro 0-0: Ball
1-0: SINGLE (Groundball, 3D)
Frank Wentworth to second
Runner from 2nd tries for 3rd, SAFE, throw made to third
Batting: LHB Juan Ríos 0-0: Ball
1-0: Called Strike
1-1: Fly out, F6 (Popup, 56)
Top of the 8th over - 7 run(s), 9 hit(s), 0 error(s), 2 left on base; Port Royal 8 - Salt Lake City 8
BOTTOM OF THE 8TH
Salt Lake City Buzz batting - Pitching for Port Royal Disaster : LHP Daniel León
Batting: RHB Roberto Ríos 0-0: Called Strike
0-1: Swinging Strike
0-2: Ground out 3-1 (Groundball, 34)
Batting: RHB Andrew Hall 0-0: Called Strike
0-1: Ball
1-1: Foul Ball, location: 2F
1-2: Ball
2-2: Foul Ball, location: 2F
2-2: DOUBLE (Flyball, 9LD)
Batting: SHB Wayne Saunders 0-0: Called Strike
0-1: Ball
1-1: Foul Ball, location: 2F
1-2: Ground out 5-3 (Groundball, 5S)
Andrew Hall to third
Batting: RHB Gustavo Berrios 0-0: Called Strike
0-1: Ball
1-1: Swinging Strike
1-2: Fly out, F6 (Popup, 6MS)
Bottom of the 8th over - 0 run(s), 1 hit(s), 0 error(s), 1 left on base; Port Royal 8 - Salt Lake City 8
TOP OF THE 9TH
Port Royal Disaster batting - Pitching for Salt Lake City Buzz : RHP Ramiro Lara
Pitching: RHP Folkert van Huizen
Batting: RHB Toshitsugu Sakamoto 0-0: Called Strike
0-1: Called Strike
0-2: Ball
1-2: Ball
2-2: Strikes out swinging
Batting: RHB Ronnie Cleveland 0-0: Foul Ball, location: 2F
0-1: Ball
1-1: Foul Ball, location: 2F
1-2: Ball
2-2: SOLO HOME RUN (Flyball, 7LD), Distance : 361 ft
Batting: LHB Brian Boone 0-0: Ball
1-0: DOUBLE (Line Drive, 9LD)
Pinch Hitting: RHB Stu Shaw 0-0: Ball
1-0: Called Strike
1-1: Foul Ball, location: 2F
1-2: Foul Ball, location: 2F
1-2: SINGLE (Groundball, 56D)
Brian Boone to third
Runner from 3rd tries for Home, throw and OUT!
Batting: RHB Brandon Cooper 0-0: Foul Ball, location: 2F
0-1: Ball
1-1: Ball
2-1: Ball
3-1: DOUBLE (Flyball, 8RXD)
Stu Shaw to third
Runner from 3rd tries for Home, SAFE, no throw or cutoff
Batting: SHB Tim Moss 0-0: Ball
1-0: Foul Ball, location: 2F
1-1: Foul Ball, location: 2F
1-2: Strikes out swinging
Top of the 9th over - 2 run(s), 4 hit(s), 0 error(s), 1 left on base; Port Royal 10 - Salt Lake City 8
BOTTOM OF THE 9TH
Salt Lake City Buzz batting - Pitching for Port Royal Disaster : LHP Daniel León
Pitching: RHP Miguel Herrera
Now at SS: Stu Shaw
Batting: LHB Ramón Félix 0-0: Called Strike
0-1: Ball
1-1: Ball
2-1: Called Strike
2-2: Strikes out swinging
Batting: SHB Shelby Reusch 0-0: Ball
1-0: Called Strike
1-1: Called Strike
1-2: Ball
2-2: SINGLE (Line Drive, 6MD)
Batting: LHB Ángel Aguilar 0-0: Ball
1-0: Fielders Choice at 2nd, 2-4 (Groundball, 2L)
Pinch Hitting: LHB Valentín Salas 0-0: Ball
1-0: Ball
2-0: Ball
3-0: Called Strike
3-1: 2-RUN HOME RUN (Flyball, 89XD), Distance : 430 ft
Pinch Hitting: LHB Dave Watts 0-0: Ground out 6-3 (Groundball, 6)
Bottom of the 9th over - 2 run(s), 2 hit(s), 0 error(s), 0 left on base; Port Royal 10 - Salt Lake City 10
TOP OF THE 10TH
Port Royal Disaster batting - Pitching for Salt Lake City Buzz : RHP Folkert van Huizen
Now at C: José Herrera
Now at 2B: Valentín Salas
Batting: LHB Frank Wentworth 0-0: Ground out 6-3 (Groundball, 6M)
Batting: SHB Arsenio Sameiro 0-0: Called Strike
0-1: Ball
1-1: Ball
2-1: Ground out U3 (Groundball, 3S)
Batting: LHB Juan Ríos 0-0: Ball
1-0: Ground out 6-3 (Groundball, 4M)
Top of the 10th over - 0 run(s), 0 hit(s), 0 error(s), 0 left on base; Port Royal 10 - Salt Lake City 10
BOTTOM OF THE 10TH
Salt Lake City Buzz batting - Pitching for Port Royal Disaster : RHP Miguel Herrera
Batting: RHB Roberto Ríos 0-0: SOLO HOME RUN (Flyball, 78XD), Distance : 433 ft
This league is powered by Out of the Park Baseball, the baseball management simulation game for PC, Mac and Linux
Monday, October 3rd, 2016 - OOTP Baseball 16.9 Build 39